AoeStats
← DK

Arabia

510102113Analyzed
1v1 RM · 3d ago on Sep 29, 2026· 43m 47s· 2 players
Game mode
Random Map
Map size
Tiny (2 player)
Population
200
Speed
Normal
Resources
Standard
Victory
Conquest
Starting age
Dark Age
Ending age
Imperial Age
RankedLock teamsTeams togetherTeam positionsShared explorationLock speedFull tech treeHidden civsTurbo modeCheats
Victory
Defeat
🇨🇦 Khitans · Canada
1502
+15
🇹🇼 Tatars · Taiwan
1482
-15
3000elo player
6:50 Loom
10:03 Feudal Age
11:09 Horse Collar
11:46 Double-Bit Axe
19:31 Gold Mining
23:41 Castle Age
22:38 Bloodlines
24:01 Fletching
24:12 Padded Archer Armor
25:17 Gold Shaft Mining
24:56 Bow Saw
26:28 Bodkin Arrow
27:03 Husbandry
28:51 Wheelbarrow
33:01 Light Cavalry
34:53 Hand Cart
34:24 Town Watch
35:29 Scale Barding Armor
35:35 Forging
38:29 Chain Barding Armor
40:41 Imperial Age
41:07 Silk Armor
42:51 Plate Barding Armor
DK
6:05 Loom
9:52 Feudal Age
11:46 Double-Bit Axe
15:35 Domestication
18:32 Forging
24:06 Castle Age
24:04 Scale Barding Armor
25:06 Husbandry
25:49 Chain Barding Armor
25:53 Town Watch
26:47 Iron Casting
27:26 Wheelbarrow
27:01 Gold Mining
40:08 Imperial Age
37:52 Fletching
41:51 Plate Barding Armor
41:23 Elite Steppe Lancer
Connection lost

Rejoining the realm…

Still unreachable

The connection could not be restored.

Session expired

The server has moved on; the page needs a fresh start.